 Dungeon Crawl Stone Soup version 0.28-a0-429-g1448048969 (webtiles) character file.

Game seed: 13756390098244379822

30 Gwenloh the Skirmisher (level 3, 0/40 HPs)
             Began as an Ogre Fighter on Sept 10, 2021.
             Slain by an adder (4 damage)
             ... on level 3 of the Dungeon.
             The game lasted 00:03:05 (915 turns).

Gwenloh the Skirmisher (Ogre Fighter)                Turns: 915, Time: 00:03:07

Health: 0/40       AC:  3    Str: 20    XL:     3   Next: 20%
Magic:  3/3        EV:  8    Int:  9    God:
Gold:   12         SH:  0    Dex:  9    Spells: 2/2 levels left

rFire   . . .      SeeInvis .   a - +0 flail
rCold   . . .      Faith    .   c - +0 kite shield
rNeg    . . .      Spirit   .   b - +0 robe
rPois   .          Reflect  .   (helmet restricted)
rElec   .          Harm     .   (no cloak)
rCorr   .          Rampage  .   (gloves unavailable)
Will    .....                   (boots unavailable)
Stlth   +.........              (no amulet)
HPRegen 0.13/turn               (no ring)
MPRegen 0.08/turn               (no ring)

@: confused, lethally poisoned (0 -> -6), ambrosia-drunk
A: large, unfitting armour, tough skin 1
a: no special abilities


You were on level 3 of the Dungeon.
You visited 1 branch of the dungeon, and saw 3 of its levels.

You collected 12 gold pieces.

Inventory:

Hand Weapons
 a - a +0 flail (weapon)
Missiles
 f - 5 stones (quivered)
Armour
 b - a +0 robe (worn)
 c - a +0 kite shield (worn)
Scrolls
 h - a scroll of enchant weapon {unknown}
Potions
 d - 2 potions of might
 g - a potion of lignification {unknown}


   Skills:
 + Level 4.4 Fighting
 * Level 2.6 Maces & Flails
 + Level 3.0 Dodging
 - Level 2.6 Shields


You had 2 spell levels left.
You didn't know any spells.
Your spell library was empty.

Dungeon Overview and Level Annotations

Branches:
Dungeon (3/15)

Altars:

Shops:
D:2 [

Annotations:
D:2 Jessica, Natasha


Innate Abilities, Weirdness & Mutations

You are too large for most types of armour.
You have tough skin. (AC +1)


Message History

The adder barely misses you. You block the adder's attack.
You are too injured to fight recklessly!
You are too injured to fight recklessly!
You closely miss the adder.
The adder is heavily wounded.
You feel sick. You block the adder's attack. The adder barely misses you.
You miss the adder.
The adder is heavily wounded.
You feel sick.
The adder bites you but does no damage. x2
You closely miss the adder.
The adder is heavily wounded.
You feel sick. The adder bites you.
You closely miss the adder.
The adder is heavily wounded.
You feel sick.
You are no longer poisoned.
The adder bites you. You block the adder's attack.
You barely miss the adder.
The adder is heavily wounded.
You block the adder's attack. x2
You hit the adder.
The adder is severely wounded.
The adder bites you.
* * * LOW HITPOINT WARNING * * *
The adder bites you.
* * * LOW HITPOINT WARNING * * *
You closely miss the adder.
The adder is severely wounded.
You block the adder's attack. The adder bites you.
* * * LOW HITPOINT WARNING * * *
You are lethally poisoned!
The adder poisons you!
It was a potion of ambrosia.
You are confused.
You feel invigorated.
* * * LOW HITPOINT WARNING * * *
You feel sick. The adder bites you.
* * * LOW HITPOINT WARNING * * *
The adder bites you.
You die...

#........
####........
##...........
##............
#...>......(..
#.............
.#.............
.......@.......
......S........
...............
..#............
. ##...........
....#.###..?
.#### .# ##. ..
.#


You could see an adder.

Vanquished Creatures
  2 dart slugs (D:1)
  A ball python (D:1)
  6 endoplasms (D:1)
  3 hobgoblins (D:1)
  3 kobolds (D:1)
  3 bats (D:1)
  3 frilled lizards (D:1)
  A goblin (D:1)
  3 rats (D:1)
25 creatures vanquished.

Notes
Turn   | Place    | Note
-------+----------+-------------------------------------------
     0 | D:1      | Gwenloh the Ogre Fighter began the quest for the Orb.
     0 | D:1      | Reached XP level 1. HP: 24/24 MP: 1/1
   218 | D:1      | Reached XP level 2. HP: 32/32 MP: 2/2
   512 | D:1      | Reached XP level 3. HP: 31/40 MP: 3/3
   875 | D:1      | You fall into a shaft and drop 1 floor!
   875 | D:2      | Noticed Jessica
   877 | D:2      | Noticed Natasha
   889 | D:2      | Found Surez's Antique Armour Shop.
   915 | D:3      | Slain by an adder

Illustrated notes

Levels and vault maps discovered:
D:1:      heliophobic_arrival_enchanted_forest, layout_basic
D:2:      layout_basic, serial_shops, shop, shop, uniq_natasha, uniq_jessica
D:3:      layout_rooms, serial_shops, shop,
          hellmonk_ecumenical_altar_leap_of_faith, st_stairs_2,
          mrwooster_statue_mirror

Skill      XL: |  1  2 |
---------------+-------+-----
Maces & Flails | 2 |  2.6
Dodging        | 3 |  3.0
Fighting       | |  4.4
Shields        | |  2.6

Action                   || total
-------------------------++-------
Melee: Flail             ||    79
Throw: Stone             ||    49
  Use: Potion            ||     1
Armor: Robe              ||    31
Dodge: Dodged            ||    31
Block: Kite shield       ||    40

Table legend: (Time is in decaauts)
 A = Elapsed time spent in this place.
 B = Non-inter-level travel time spent in this place.
 C = Inter-level travel time spent in this place.
 D = Time resting spent in this place.
 E = Time spent auto-exploring this place.
 F = Levels seen in this place.
 G = Mean time per level.
                   A        B        C        D        E       F      G
               +--------+--------+--------+--------+--------+-----+--------+
         Total |    968 |    968 |      0 |      0 |    684 |   3 |  322.7 |
       Dungeon |    968 |    968 |      0 |      0 |    684 |   3 |  322.7 |
               +--------+--------+--------+--------+--------+-----+--------+

Top non-repeatable levels by time:
     D:1: 922 daAuts
     D:2: 28 daAuts
     D:3: 17 daAuts
